 Dungeon Crawl Stone Soup version 0.30.0-29-ga12c61a403 (webtiles) character file.

Game seed: 11999080274977480031

53 cdecastro the Shooter (level 3, -14/31 HPs)
             Began as a Minotaur Hunter on June 19, 2023.
             Demolished by an ogre
             ... wielding a +0 giant club
              (21 damage)
             ... on level 2 of the Dungeon.
             The game lasted 00:02:06 (872 turns).

cdecastro the Shooter (Minotaur Hunter)              Turns: 872, Time: 00:02:06

Health: -14/31     AC:  5    Str: 17    XL:     3   Next: 62%
Magic:  2/2        EV: 11    Int:  6    God:
Gold:   42         SH:  5    Dex: 13    Spells: 2/2 levels left

rFire   . . .        a - +0 shortbow
rCold   . . .        (shield currently unavailable)
rNeg    . . .        l - +0 ring mail
rPois   .            (helmet restricted)
rElec   .            (no cloak)
rCorr   .            (no gloves)
SInv    .            (no boots)
Will    .....        h - amulet of reflection
Stlth   +            (no ring)
HPRegen 0.25/turn    (no ring)
MPRegen 0.08/turn

%: reflection
@: no status effects
A: horns 2, retaliatory headbutt
a: no special abilities


You were on level 2 of the Dungeon.
You visited 1 branch of the dungeon, and saw 2 of its levels.

You collected 42 gold pieces.

Inventory:

Hand Weapons
 a - a +0 shortbow (weapon)
Armour
 c - a +0 leather armour
 i - a +0 plate armour
 l - a +0 ring mail (worn)
 m - a +0 chain mail
Jewellery
 h - an amulet of reflection (around neck)
Scrolls
 b - a scroll of immolation
 e - a scroll of poison {unknown}
 f - a scroll of noise {unknown}
 g - 2 scrolls of identify {unknown}
Potions
 d - a potion of mutation {unknown}
 j - 2 potions of brilliance {unknown}
 k - a potion of heal wounds {unknown}


   Skills:
 + Level 3.4 Fighting
 * Level 5.4 Ranged Weapons
 - Level 2.1 Dodging
 - Level 0.7 Stealth


You had 2 spell levels left.
You didn't know any spells.
Your spell library was empty.

Dungeon Overview and Level Annotations

Branches:
Dungeon (2/15)

Altars:

Shops:
D:1 ?


Innate Abilities, Weirdness & Mutations

You have a pair of horns on your head.
You reflexively headbutt those who attack you in melee.


Message History

The adder is almost dead.
You block the adder's attack. The adder barely misses you.
You shoot an arrow. The arrow hits the adder.
The adder is almost dead.
You block the adder's attack. The adder barely misses you.
You shoot an arrow. The arrow hits the adder!
You kill the adder!
No target in view!
No target in view!
HP restored.
Found a stone staircase leading down.
You see here a +0 scale mail.
You now have enough gold to buy a scroll of teleportation on D:1.
You can access your shopping list by pressing '$'.
You now have 42 gold pieces (gained 12).
An ogre comes into view. It is wielding a +0 giant club.
Found a scroll labelled MEB DANUXTESU.
The ogre shouts!
An ogre is nearby!
You shoot an arrow. The arrow hits the ogre.
The ogre is lightly wounded.
A kobold comes into view. It is wielding a +0 dagger.
The kobold moves out of view.
You shoot an arrow. The arrow hits the ogre!
The ogre is moderately wounded.
You shoot an arrow. The arrow hits the ogre.
The ogre is heavily wounded.
You shoot an arrow. The arrow hits the ogre.
The ogre is severely wounded.
You shoot an arrow. The arrow barely misses the ogre.
The ogre hits you with a +0 giant club!
You shoot an arrow. The arrow hits the ogre.
The ogre is almost dead.
The ogre hits you with a +0 giant club!!
Ouch! That really hurt!
* * * LOW HITPOINT WARNING * * *
You shoot an arrow. The arrow closely misses the ogre.
The ogre hits you with a +0 giant club!!
Ouch! That really hurt!
You die...

##.....##......# .
##..............## .# #
#................##.#..
#...............>.....
#....................
#.................#
..................#.##.
#......<†..@O..........
................#......
#.......#[.....## #?...
#..#..###.###### ... #.
#.. #.# . . #.. ..# ..
..## ... ###


You could see an ogre.

Vanquished Creatures
  An adder (D:2)
  2 dart slugs (D:1)
  6 ball pythons (D:1)
  3 endoplasms (D:1)
  3 giant cockroaches (D:1)
  2 goblins (D:1)
  4 hobgoblins (D:1)
  6 kobolds (D:1)
  2 quokkas (D:1)
  2 bats
  4 frilled lizards
  2 rats (D:1)
37 creatures vanquished.

Notes
Turn   | Place    | Note
-------+----------+-------------------------------------------
     0 | D:1      | cdecastro the Minotaur Hunter began the quest for the Orb.
     0 | D:1      | Reached XP level 1. HP: 18/18 MP: 0/0
    71 | D:1      | Reached XP level 2. HP: 25/25 MP: 1/1
   114 | D:1      | Found Pupuxuf's Magic Scroll Emporium.
   130 | D:1      | Reached skill level 5 in Ranged Weapons
   397 | D:1      | Reached XP level 3. HP: 28/31 MP: 2/2
   861 | D:2      | Noticed an ogre
   872 | D:2      | Demolished by an ogre

Illustrated notes

Levels and vault maps discovered:
D:1:      lightli_iron_boxes, layout_loops_ring, serial_shops,
          nicolae_shop_just_a_little_nook
D:2:      layout_rooms, hellmonk_ecumenical_altar_zigzags

Skill      XL: |  1  2 |
---------------+-------+-----
Fighting       | 3 |  3.4
Ranged Weapons | 5 |  5.4
Dodging        | |  2.1
Stealth        | |  0.7

Action                     || total
---------------------------++-------
   Fire: Shortbow          ||    91
 Armour: Leather armour    ||     1
         Ring mail         ||     4
  Dodge: Dodged            ||    13
  Block: Other             ||     5
